 Dungeon Crawl Stone Soup version 0.28-a0-1184-g53156a8862 (webtiles) character file.

Game seed: 3256977591631588911

373 mcbry74 the Ruffian (level 6, -3/61 HPs)
             Began as a Troll Fighter on Dec 17, 2021.
             Slain by an orc (7 damage)
             ... on level 4 of the Dungeon.
             The game lasted 00:05:12 (1801 turns).

mcbry74 the Ruffian (Troll Fighter)                 Turns: 1801, Time: 00:05:13

Health: -3/61      AC:  6    Str: 27    XL:     6   Next: 43%
Magic:  5/5        EV:  8    Int:  4    God:
Gold:   120        SH:  7    Dex:  9    Spells: 5/5 levels left

rFire   . . .      SeeInvis .     - Unarmed
rCold   . . .      Faith    .   b - +0 kite shield
rNeg    . . .      Spirit   .   a - +0 robe
rPois   .          Reflect  .   n - +2 hat
rElec   .          Harm     .   (no cloak)
rCorr   .          Rampage  .   (gloves unavailable)
Will    .....                   (boots unavailable)
Stlth   +.........              (no amulet)
HPRegen 1.00/turn               (no ring)
MPRegen 0.09/turn               (no ring)

@: no status effects
A: large, unfitting armour, claws 3, regeneration 1, shaggy fur 1, tough skin 1
a: no special abilities


You were on level 4 of the Dungeon.
You visited 1 branch of the dungeon, and saw 4 of its levels.

You collected 120 gold pieces.

Inventory:

Missiles
 k - 7 poisoned darts (quivered)
Armour
 a - a +0 robe (worn)
 b - a +0 kite shield (worn)
 n - a +2 hat (worn)
Jewellery
 h - an amulet of faith
Scrolls
 g - 6 scrolls of identify {unknown}
 j - a scroll of blinking {unknown}
 o - a scroll of enchant weapon {unknown}
Potions
 c - a potion of might
 d - 2 potions of curing {unknown}
 e - 2 potions of degeneration {unknown}
 f - 2 potions of lignification {unknown}
 i - 2 potions of mutation {unknown}
 l - a potion of heal wounds {unknown}
 m - a potion of resistance {unknown}
 p - a potion of brilliance {unknown}


   Skills:
 - Level 3.0 Fighting
 - Level 3.0 Dodging
 - Level 3.1 Shields
 * Level 5.6 Unarmed Combat


You had 5 spell levels left.
You didn't know any spells.
Your spell library contained the following spells:

 Spells                   Type           Power      Damage    Failure   Level
 Magic Dart               Conj           0%         1d3       90%         1
 Call Imp                 Summ           0%         N/A       97%         2
 Mephitic Cloud           Conj/Pois/Air  0%         N/A       99%         3


Dungeon Overview and Level Annotations

Branches:
Dungeon (4/15)
 Temple: D:4-7

Altars:

Annotations:
D:4 Ijyb


Innate Abilities, Weirdness & Mutations

You are too large for most types of armour.
You have claws for hands.
Your natural rate of healing is unusually fast.
You are covered in fur. (AC +1)
You have tough skin. (AC +1)


Message History

You claw the orc wizard!
You kill the orc wizard!
You feel sick.
You are no longer poisoned.
The adder bites you. The orc hits you with a +0 morningstar.
The orc closely misses you.
You closely miss the orc. The adder bites you.
You are poisoned.
The adder poisons you! The orc hits you with a +0 morningstar!
The orc hits you from afar with a +0 trident.
You block the adder's attack. The orc misses you.
You scratch the adder.
You kill the adder!
You feel sick. The orc closely misses you.
The orc hits you with a +0 morningstar.
* * * LOW HITPOINT WARNING * * *
You feel sick.
The orc hits you from afar with a +0 trident.
* * * LOW HITPOINT WARNING * * *
The orc hits you with a +0 morningstar.
* * * LOW HITPOINT WARNING * * *
Things that are here:
a +0 dagger; a +0 robe You feel sick.
You closely miss the orc.
You feel sick. The orc hits you but does no damage.
You closely miss the orc.
You feel sick. You block the orc's attack.
You barely miss the orc.
You feel sick.
You are no longer poisoned.
You block the orc's attack. The orc barely misses you.
You mangle the orc!!
You kill the orc!
You block the orc's attack.
You scratch the orc.
The orc is lightly wounded.
The orc hits you but does no damage. The orc hits you with a +0 morningstar.
* * * LOW HITPOINT WARNING * * *
You scratch the orc.
You kill the orc!
The orc hits you from afar with a +0 trident!
You die...

#..# #...........#
##.#####.##..#....##
#........#..#.##.#
#..#..#........ #
#..#..# .....## #..#
# #.... #..####
#..... #..#..#
##@#..# #)#?.#
#o...# #.†..#
###.....# .....#
....... ###.... ###.


You could see an orc.

Vanquished Creatures
  An ogre (D:3)
  A bullfrog (D:3)
  An orc wizard (D:4)
  Robin (D:4)
  8 adders
  3 gnolls (D:3)
  2 worms (D:2)
  2 dart slugs
  4 orcs
  4 ball pythons
  2 bats
  8 endoplasms
  5 giant cockroaches
  9 hobgoblins
  3 quokkas
  2 frilled lizards
  15 goblins
  2 kobolds (D:1)
  A rat (D:3)
74 creatures vanquished.

Vanquished Creatures (others)
  2 fungi (D:2)
  3 plants (D:2)
5 creatures vanquished.

Grand Total: 79 creatures vanquished

Notes
Turn   | Place    | Note
-------+----------+-------------------------------------------
     0 | D:1      | mcbry74 the Troll Fighter began the quest for the Orb.
     0 | D:1      | Reached XP level 1. HP: 22/22 MP: 0/0
   226 | D:1      | Reached XP level 2. HP: 27/29 MP: 1/1
   575 | D:2      | Reached XP level 3. HP: 25/36 MP: 2/2
   625 | D:2      | Found a faded altar of an unknown god.
   805 | D:2      | You fall into a shaft and drop 1 floor!
   822 | D:3      | Reached skill level 3 in Unarmed Combat
   963 | D:3      | Reached XP level 4. HP: 42/44 MP: 3/3
  1122 | D:3      | Noticed a bullfrog
  1131 | D:3      | Killed a bullfrog
  1132 | D:3      | Reached XP level 5. HP: 35/53 MP: 4/4
  1230 | D:3      | Reached skill level 4 in Unarmed Combat
  1462 | D:4      | Noticed Ijyb
  1462 | D:4      | Noticed Robin
  1501 | D:4      | Noticed an ogre
  1517 | D:3      | Killed an ogre
  1518 | D:3      | Reached skill level 5 in Unarmed Combat
  1518 | D:3      | Reached XP level 6. HP: 31/61 MP: 5/5
  1740 | D:4      | Killed Robin
  1800 | D:4      | HP: 3/61 [orc (6)]
  1801 | D:4      | Slain by an orc

Illustrated notes

Levels and vault maps discovered:
D:1:      kilobyte_arrival_exit_the_forest, layout_loops_ring, minmay_quantized
D:2:      layout_loops_corners, shapermc_ecumenical_altar_mp_ritualfount,
          serial_shops, nicolae_shop_statue_plus
D:3:      wad_river_or_something, layout_basic
D:4:      layout_loops_ring, minmay_temple_entry_ruins,
          hangedman_abyss_or_decor_stagger, kennysheep_nub, eino_tiny_chamber,
          minmay_bisected, uniq_ijyb, uniq_robin

Skill      XL: |  1  2  3  4  5 |
---------------+----------------+-----
Unarmed Combat | 3 5 |  5.6
Fighting       | 3 |  3.0
Dodging        | 3 |  3.0
Shields        | 3 |  3.1

Action                   |  1- 3 |  4- 6 || total
-------------------------+-------+-------++-------
Melee: Unarmed           |    87 |   133 ||   220
Armor: Robe              |    26 |    52 ||    78
Dodge: Dodged            |    35 |    67 ||   102
Block: Kite shield       |    26 |    58 ||    84

Table legend: (Time is in decaauts)
 A = Elapsed time spent in this place.
 B = Non-inter-level travel time spent in this place.
 C = Inter-level travel time spent in this place.
 D = Time resting spent in this place.
 E = Time spent auto-exploring this place.
 F = Levels seen in this place.
 G = Mean time per level.
                   A        B        C        D        E       F      G
               +--------+--------+--------+--------+--------+-----+--------+
         Total |   1837 |   1715 |    122 |     69 |   1084 |   4 |  459.2 |
       Dungeon |   1837 |   1715 |    122 |     69 |   1084 |   4 |  459.2 |
               +--------+--------+--------+--------+--------+-----+--------+

Top non-repeatable levels by time:
     D:3: 843 daAuts
     D:1: 443 daAuts
     D:2: 374 daAuts
     D:4: 176 daAuts
